[Event "*** Titled Tuesday Blitz"]
[Site "Chess.com"]
[Date "2020.05.12"]
[Round "6"]
[White "HunterBRR"]
[Black "politeplayer"]
[Result "0-1"]
[WhiteElo "2018"]
[BlackElo "2190"]
[TimeControl "180+1"]
[EndTime "11:05:36 PDT"]
[Termination "politeplayer won on time"]

1. d4 Nf6 2. c4 c5 3. d5 e6 4. Nc3 exd5 5. cxd5 d6 6. Nf3 g6 7.
Bf4 Bg7 8. Qa4+ Bd7 9. Qb3 b5 10. Bxd6 Qb6 11. Be5 O-O 12. e3 c4 13. Qd1 b4 14. Nb1 Bb5 15. Be2 Nbd7 16. Bd4 Qa6 17. O-O Rfc8 18. a4 Nb6 19. Nc3 Bd7 20. Nb5 Bxb5 21. axb5 Qxb5 22. b3 Qxd5 23. bxc4 Nxc4 24. Rc1 Nb6 25. Bxb6 axb6 26. Rxc8+ Rxc8 27. Qb1 Ne4 28. Rd1 Qe6 29. Qa2 Nc3 30. Qxe6 Nxe2+ 31. Kf1 fxe6 32. Kxe2 b3 0-1

[Event "*** Titled Tuesday Blitz"]
[Site "Chess.com"]
[Date "2020.05.12"]
[Round "6"]
[White "Lestofante90"]
[Black "GameOverBro"]
[Result "1-0"]
[WhiteElo "2646"]
[BlackElo "2499"]
[TimeControl "180+1"]
[EndTime "11:05:37 PDT"]
[Termination "Lestofante90 won by resignation"]

1. e4 d6 2. d4 Nf6 3. f3 e5 4.
Ne2 c6 5. c4 h5 6. Nbc3 Nbd7 7.
Be3 a5 8. Qd2 a4 9. Rd1 Qa5 10.
h4 Be7 11. Nc1 O-O 12. Be2 Nb6 13. O-O Be6 14. d5 cxd5 15. cxd5 Bd7 16. Nb1 Nc8 17. Nd3 Bd8 18. Qxa5 Bxa5 19. Rc1 Na7 20. a3 Nb5 21.
Nb4 Rfc8 22. Rxc8+ Rxc8 23. Rc1 Rxc1+ 24. Bxc1 Ne8 25.
Be3 Nec7 26. Kf2 Kf8 27. g3 Ke7 28. f4 exf4 29. gxf4 g6 30. Nc2 Na6 31. Nd2 Bxd2 32. Bxd2 Nc5 33. Ke3 Nb3 34. Bb4 f6 35. e5 fxe5 36.
fxe5 Bf5 37. Bxb5 Bxc2 38. Bxd6+ Kd8 39. e6 1-0

[Event "*** Titled Tuesday Blitz"]
[Site "Chess.com"]
[Date "2020.05.12"]
[Round "6"]
[White "top_bu_tz"]
[Black "ajian"]
[Result "0-1"]
[WhiteElo "2205"]
[BlackElo "2373"]
[TimeControl "180+1"]
[EndTime "11:05:37 PDT"]
[Termination "ajian won by resignation"]

1. e4 c5 2. Nc3 Nc6 3. f4 g6 4. Nf3 Bg7 5. Bc4 e6 6. d3 Nge7 7. O-O O-O 8. Qe1 d5 9. Bb3 Nd4 10. Nxd4 cxd4 11. Nb1 dxe4 12. dxe4 Bd7 13. f5 exf5 14. Bg5 h6 15. exf5 hxg5 16. f6 Nf5 17.
fxg7 Kxg7 18. c3 Bc6 19. Rxf5 gxf5 20. Qg3 Qf6 21. Nd2 dxc3 22. bxc3 Rad8 23. Nc4 Rfe8 24. h4 g4 25. Ne3 Rd3 26. Re1 Qe5 27. Nxf5+ Qxf5 28. Rxe8 Rxg3 0-1

[Event "*** Titled Tuesday Blitz"]
[Site "Chess.com"]
[Date "2020.05.12"]
[Round "6"]
[White "CMS13"]
[Black "Witaliss"]
[Result "0-1"]
[WhiteElo "2172"]
[BlackElo "2416"]
[TimeControl "180+1"]
[EndTime "11:05:37 PDT"]
[Termination "Witaliss won by resignation"]

1. e4 c6 2. Nc3 d5 3. Nf3 Bg4 4. h3 Bxf3 5. Qxf3 Nf6 6. Be2 e6 7. O-O Bb4 8. e5 Nfd7 9. d4 c5 10. a3 Bxc3 11. bxc3 Nc6 12. Qg4 g6 13. Bg5 Qa5 14. Rab1 Qxc3 15. Rxb7 Qxd4 16. Qf3 Ncxe5 17. Qb3 O-O 18. Kh1 c4 19. Qg3 Qe4 20. f4 Qxe2 21.
Re1 Qxc2 22. fxe5 Nc5 23. Bf6 h5 24. Qg5 Kh7 25. g4 Nxb7 26. gxh5 Qf5 27. hxg6+ fxg6 28. Qh4+ Qh5 29. Qg3 Nc5 30. Rb1 Rf7 31. Rg1 Ne4 32. Qe3 Nxf6 33. exf6 Raf8 34. Rg5 Qh6 0-1

[Event "*** Titled Tuesday Blitz"]
[Site "Chess.com"]
[Date "2020.05.12"]
[Round "6"]
[White "mariangie523"]
[Black "2165149677570"]
[Result "1-0"]
[WhiteElo "2051"]
[BlackElo "2226"]
[TimeControl "180+1"]
[EndTime "11:05:38 PDT"]
[Termination "mariangie523 won by resignation"]

1. e4 f5 2. exf5 Kf7 3. Nf3 Nc6 4. d4 g6 5. fxg6+ hxg6 6. Nc3 e6 7. Bg5 Be7 8. h4 Nf6 9. Qd2 d6 10. O-O-O Bd7 11.
Bc4 Kg7 12. Kb1 a6 13. d5 Na5 14. Be2 exd5 15. Bxf6+ Bxf6 16. Nxd5 b6 17. g4 Bxg4 18. Ng5 Bxg5 19. hxg5 Bxe2 20. Qxe2 Qxg5 21. Rhg1 Qe5 22. Qd3 Rh6 23. f4 Qh5 24. Qc3+ Kf7 25. Qf6+ 1-0

[Event "*** Titled Tuesday Blitz"]
[Site "Chess.com"]
[Date "2020.05.12"]
[Round "6"]
[White "Riazantsev"]
[Black "NZT72"]
[Result "1-0"]
[WhiteElo "2657"]
[BlackElo "2471"]
[TimeControl "180+1"]
[EndTime "11:05:39 PDT"]
[Termination "Riazantsev won by resignation"]

1. d4 Nf6 2. c4 e6 3. Nc3 Bb4 4. e3 O-O 5. Nf3 d5 6. Bd2 Nbd7 7. Rc1 Re8 8. Bd3 a6 9. O-O dxc4 10. Bxc4 b5 11. Bd3 Bb7 12. a3 Bf8 13. b4 e5 14.
Bb1 exd4 15. exd4 Nb6 16. Bg5 Nc4 17. Qd3 g6 18. Ba2 h6 19. Bh4 Bxf3 20. gxf3 Ne5 21. Qd1 Nc4 22. Ne4 g5 23. Bg3 Nxe4 24. fxe4 Rxe4 25. Bxc4 bxc4 26. Rxc4 Bd6 27. Qc2 Qe7 28. d5 Re8 29. Rxe4 Qxe4 30. Qxe4 Rxe4 31. Bxd6 cxd6 32.
Rc1 Rd4 33. Rc6 Rxd5 34. Rxa6 Rd3 35. Kf1 d5 36. b5 Rb3 37. a4 d4 38. Ke2 Kg7 39.
b6 g4 40. a5 Rb2+ 41. Kd3 1-0

[Event "*** Titled Tuesday Blitz"]
[Site "Chess.com"]
[Date "2020.05.12"]
[Round "6"]
[White "ZeZacarias"]
[Black "miruna_daria28"]
[Result "0-1"]
[WhiteElo "2049"]
[BlackElo "2262"]
[TimeControl "180+1"]
[EndTime "11:05:40 PDT"]
[Termination "miruna_daria28 won by resignation"]

1. d4 f5 2. c4 Nf6 3. g3 g6 4. Bg2 Bg7 5. Nc3 O-O 6. Nf3 d6 7. O-O c6 8. b3 Qe8 9. Bb2 Na6 10. a3 Nc7 11. Qc2 e5 12. e3 e4 13. Nd2 Be6 14. b4 d5 15. c5 g5 16. Rfe1 Qh5 17. a4 f4 18. exf4 gxf4 19. gxf4 Ng4 20. Nf1 Rxf4 21. Re2 Raf8 22. Nd1 Nxh2 23. Nxh2 Bh3 24.
f3 exf3 25. Bxf3 Rxf3 26. Nxf3 Rxf3 27. Rf2 Rg3+ 28. Kh2 Bf5+ 29. Kxg3 Bxc2 30. Ne3 Be4 31. Rh2 Qg5+ 32. Kf2 Qf4+ 33. Kg1 Qxe3+ 34. Rf2 Qg3+ 35.
Kf1 Bd3+ 36. Ke1 Qg1+ 37. Kd2 Qxf2+ 38. Kc3 Qxb2+ 39. Kxb2 Bxd4+ 0-1

[Event "*** Titled Tuesday Blitz"]
[Site "Chess.com"]
[Date "2020.05.12"]
[Round "6"]
[White "chenxiaoyuer"]
[Black "Sesleria"]
[Result "1-0"]
[WhiteElo "2231"]
[BlackElo "1976"]
[TimeControl "180+1"]
[EndTime "11:05:40 PDT"]
[Termination "chenxiaoyuer won by resignation"]

1. e4 e5 2. Nf3 Nc6 3. Bb5 a6 4. Ba4 Nf6 5. d3 b5 6. Bb3 Be7 7. O-O d6 8. c3 O-O 9. Nbd2 h6 10.
Re1 Re8 11. Nf1 Bf8 12. h3 g6 13.
Ng3 Bg7 14. d4 Bb7 15. Bc2 exd4 16. cxd4 Nb4 17. Bb1 c5 18. d5 a5 19. a3 Na6 20. a4 bxa4 21. Bc2 Bc8 22. Bxa4 Bd7 23. Bd2 Nb4 24. Bc3 Bxa4 25. Qxa4 Qd7 26. Nd2 Qxa4 27. Rxa4 Nd7 28. Rea1 Nc2 29. R1a2 Rab8 30. Nc4 Nb6 31.
Nxb6 Rxb6 32. Rxa5 Bxc3 33. bxc3 Rb1+ 34. Kh2 f5 35.
exf5 h5 36. Rxc2 h4 37. Ne2 1-0

[Event "*** Titled Tuesday Blitz"]
[Site "Chess.com"]
[Date "2020.05.12"]
[Round "6"]
[White "sergiochess83"]
[Black "MightyGMpretender"]
[Result "1-0"]
[WhiteElo "2814"]
[BlackElo "2579"]
[TimeControl "180+1"]
[EndTime "11:05:42 PDT"]
[Termination "sergiochess83 won by resignation"]

1. e4 c5 2. Nf3 d6 3. d4 cxd4 4. Nxd4 Nf6 5. Nc3 a6 6. Be3 e5 7.
Nf3 Be7 8. Bc4 O-O 9. O-O Qc7 10.
Bb3 Be6 11. Bg5 Nbd7 12. Nh4 Nc5 13. Nf5 Nxb3 14. axb3 h6 15. Nxe7+ Qxe7 16. Bxf6 Qxf6 17. Qxd6 Rad8 18. Qb6 Rd2 19. Rac1 Qe7 20. Rfd1 Rfd8 21.
Nd5 Rxd1+ 22. Rxd1 Bxd5 23. Rxd5 Rc8 24. c4 Qg5 25. Rd1 Kh7 26. h3 Rc6 27. Qe3 Qxe3 28. fxe3 b5 29. Rc1 Kg6 30. Kf2 Kf6 31. Ke2 Ke6 32. Kd3 Kd6 33. Kc3 f6 34. Rd1+ Kc7 35. Kb4 Kb6 36. Rd5 h5 37. c5+ Kc7 38. h4 Re6 39. Ka5 g5 40. g3 gxh4 41. gxh4 Kc6 42. b4 f5 43. exf5 1-0

[Event "*** Titled Tuesday Blitz"]
[Site "Chess.com"]
[Date "2020.05.12"]
[Round "6"]
[White "Shoytan"]
[Black "Nafania1"]
[Result "1-0"]
[WhiteElo "2586"]
[BlackElo "2434"]
[TimeControl "180+1"]
[EndTime "11:05:42 PDT"]
[Termination "Shoytan won by checkmate"]

1. d4 Nf6 2. c4 e6 3. g3 Bb4+ 4. Bd2 a5 5. Bg2 d5 6. b3 O-O 7.
Nf3 Be7 8. O-O c6 9. Nc3 Nbd7 10. Bf4 Nh5 11. Bc1 f5 12. Bb2 h6 13. Ne5 Nxe5 14. dxe5 Qe8 15. Bf3 g6 16. Bxh5 gxh5 17. e3 Bd7 18.
cxd5 cxd5 19. Ne2 h4 20. Nd4 hxg3 21. hxg3 Rc8 22. Kg2 Kg7 23. Rh1 Bc5 24. Qf3 Qg6 25. Rh4 Be7 26. Rh5 Qg4 27. Rah1 Qxf3+ 28. Kxf3 Bg5 29.
Ke2 Rh8 30. f4 Be7 31. Nxf5+ exf5 32. e6+ Kg6 33. exd7 Rc2+ 34. Kd3 Rxb2 35. g4 fxg4 36. Re5 Kf6 37. Rhh5 g3 38. Rhf5+ Kg6 39. Rxe7 Kxf5 40.
Re8 g2 41. d8=Q g1=Q 42. Qxd5+ Kf6 43. Re6+ Kg7 44. Qd7+ Kf8 45. Re8# 1-0

[Event "*** Titled Tuesday Blitz"]
[Site "Chess.com"]
[Date "2020.05.12"]
[Round "6"]
[White "bazar-wokzal"]
[Black "Hippotaner"]
[Result "1-0"]
[WhiteElo "2556"]
[BlackElo "2354"]
[TimeControl "180+1"]
[EndTime "11:05:42 PDT"]
[Termination "bazar-wokzal won by resignation"]

1. e4 e5 2. Bc4 Nc6 3. f4 d6 4.
Nf3 Nf6 5. Nc3 Be7 6. O-O O-O 7. d3 Na5 8. f5 Nxc4 9. dxc4 Bd7 10. Bg5 Bc6 11. Bxf6 Bxf6 12. Nd5 Bxd5 13. cxd5 a5 14. Qd2 Qb8 15. g4 Qa7+ 16. Kh1 h6 17. h4 g6 18. Qxh6 Bg7 19. Qg5 gxf5 20. gxf5 f6 21. Qg3 Qe3 22. Rg1 Qh6 23. Qh3 Rf7 24. Rg6 Qf4 25. Rag1 Qxe4 26. h5 Kh7 27. Qg2 Rg8 28. Ng5+ fxg5 29.
Qxe4 Bf6 30. c4 b6 31. Kg2 Ra8 32. Kf3 a4 33. Ke3 a3 34. b4 Ra4 35. Rb1 Ra8 36. Kd3 Ra7 37. c5 dxc5 38. bxc5 bxc5 39. Rb8 Ra6 40. Qc4 Rd6 41. Ke4 Rfd7 42. Qxc5 c6 43.
Qxc6 Rxc6 44. dxc6 Rd4+ 45. Ke3 Bd8 46. Rb7+ Kh8 47. c7 Bxc7 48. Rxc7 Rh4 49. Re6 1-0

[Event "*** Titled Tuesday Blitz"]
[Site "Chess.com"]
[Date "2020.05.12"]
[Round "6"]
[White "yobdc"]
[Black "Papa12341234"]
[Result "1-0"]
[WhiteElo "1884"]
[BlackElo "2502"]
[TimeControl "180+1"]
[EndTime "11:05:42 PDT"]
[Termination "yobdc won by checkmate"]

1. d4 Nf6 2. Nf3 g6 3. Bg5 Bg7 4. c3 O-O 5. Nbd2 d5 6. e3 c6 7. Be2 h6 8. Bh4 Nbd7 9. O-O b5 10. a4 bxa4 11. Qxa4 Qb6 12. b4 g5 13. Bg3 Nh5 14.
Nb3 Nxg3 15. hxg3 e5 16. Na5 Bb7 17. Rab1 e4 18. Nd2 f5 19. b5 c5 20. Nxb7 Qxb7 21.
Qa6 Qxa6 22. bxa6 cxd4 23. cxd4 Nb6 24. Nb3 Rfc8 25. Nc5 Bf8 26. Rfc1 Rc7 27. Ne6 Re7 28. Nc7 Rc8 29. Nb5 Rd7 30. Rxc8 Nxc8 31. Rc1 Nb6 32.
Rc6 Na4 33. Bd1 Nb2 34. Bb3 Nc4 35. Bxc4 dxc4 36. Rxc4 Kf7 37. Rc6 h5 38. f3 exf3 39. gxf3 Bb4 40. Kf2 Kg7 41. e4 fxe4 42. fxe4 Rf7+ 43.
Kg2 Re7 44. e5 Ba5 45. Kf3 Bb6 46. Ke4 Rf7 47. Rxb6 axb6 48. a7 Rf8 49. Nc7 h4 50. gxh4 gxh4 51. a8=Q Rxa8 52. Nxa8 h3 53. Kf3 b5 54. Nb6 b4 55. Nc4 b3 56. Kg3 Kf7 57.
Kxh3 Ke6 58. Nb2 Kd5 59. Kg4 Kxd4 60. e6 Kc3 61. Na4+ Kb4 62. e7 Kxa4 63. e8=Q+ Ka3 64.
Qa8+ Kb2 65. Kf3 Kc1 66. Qc6+ Kb1 67. Qe4+ Kc1 68. Qc4+ Kb2 69. Ke2 Ka3 70. Qa6+ Kb2 71. Kd3 Kc1 72. Qc4+ Kb2 73. Qc3+ Ka3 74. Kc4 Ka2 75. Qxb3+ Ka1 76. Qb4 Ka2 77. Kc3 Ka1 78. Qb2# 1-0

[Event "*** Titled Tuesday Blitz"]
[Site "Chess.com"]
[Date "2020.05.12"]
[Round "6"]
[White "jonaszmb"]
[Black "annamaja"]
[Result "1-0"]
[WhiteElo "2503"]
[BlackElo "2308"]
[TimeControl "180+1"]
[EndTime "11:05:42 PDT"]
[Termination "jonaszmb won on time"]

1. e4 c6 2. d4 d5 3. Nc3 dxe4 4. Nxe4 Bf5 5. Ng3 Bg6 6. h4 h6 7. Nf3 Nd7 8. h5 Bh7 9. Bd3 Bxd3 10. Qxd3 e6 11.
Bd2 Ngf6 12. O-O-O Be7 13. Kb1 O-O 14. Ne4 Nxe4 15.
Qxe4 Nf6 16. Qe2 Qd5 17. g4 Qe4 18. Be3 Qxg4 19. Bxh6 Qe4 20. Be3 Nd5 21. Rdg1 Nxe3 22.
fxe3 Bf6 23. Qf2 Qf5 24. Qg3 c5 25. Ne5 cxd4 26. exd4 Rfd8 27. Rf1 Qe4 28. h6 Rxd4 29. h7+ Kf8 30. h8=Q+ Ke7 31. Qa3+ Rd6 32. Qxa8 Bxe5 33. Re1 Qd4 34. Qxb7+ Kf6 35. Rhf1+ 1-0

[Event "*** Titled Tuesday Blitz"]
[Site "Chess.com"]
[Date "2020.05.12"]
[Round "6"]
[White "Angel_Hranitel_37"]
[Black "grandcoach"]
[Result "1-0"]
[WhiteElo "2361"]
[BlackElo "2039"]
[TimeControl "180+1"]
[EndTime "11:05:44 PDT"]
[Termination "Angel_Hranitel_37 won on time"]

1. d4 Nf6 2. Nf3 e6 3. g3 d5 4. Bg2 Be7 5. O-O O-O 6. c4 c6 7. Qc2 b6 8. Rd1 Nbd7 9. b3 Bb7 10. Nc3 a5 11. e4 a4 12. e5 Ne4 13. Nxa4 c5 14. Nc3 cxd4 15. Nxe4 dxe4 16. Nxd4 Qb8 17. Bxe4 Nxe5 18. Bb2 Bc5 19. Nb5 Nf3+ 20. Kg2 Ng5 21. f3 Nxe4 22. fxe4 f5 23. Rd7 Rf7 24. Rxf7 Kxf7 25. Rf1 Rxa2 26. Kh3 Kg8 27. exf5 exf5 28. Qc3 Qf8 29. Rd1 1-0

[Event "*** Titled Tuesday Blitz"]
[Site "Chess.com"]
[Date "2020.05.12"]
[Round "6"]
[White "ASVZ"]
[Black "harkerchess"]
[Result "1-0"]
[WhiteElo "2354"]
[BlackElo "1995"]
[TimeControl "180+1"]
[EndTime "11:05:44 PDT"]
[Termination "ASVZ won by checkmate"]

1. e4 e5 2. Nf3 Nc6 3. Nc3 Nf6 4. Bb5 Bb4 5. O-O O-O 6. d3 d6 7. Bg5 Be6 8. d4 exd4 9. Nxd4 Nxd4 10. Qxd4 Bc5 11.
Qd3 h6 12. Bh4 g5 13. Bg3 c6 14. Bc4 d5 15. exd5 Nxd5 16. Nxd5 Bxd5 17. Bxd5 Qxd5 18. Qxd5 cxd5 19. Rad1 Rfd8 20. Rd3 Rac8 21. Rfd1 d4 22. c3 Bb6 23. cxd4 Rc2 24. d5 Rxb2 25. R3d2 Rxd2 26. Rxd2 f5 27. h4 f4 28. Bh2 Kf7 29. Kf1 Kf6 30. hxg5+ hxg5 31. g3 Rh8 32. f3 Ke5 33. gxf4+ gxf4 34. d6 Rxh2 35. Rxh2 Kxd6 36. Ke2 Be3 37. Rh7 b5 38.
Kd3 a5 39. Rh5 Kc6 40. a4 bxa4 41. Rxa5 Kd6 42. Rxa4 Ke5 43. Ra5+ Kf6 44. Ke4 Kg6 45. Ra6+ Kh5 46. Kf5 Kh4 47. Rg6 Kh5 48. Rg2 Kh6 49. Kf6 Kh5 50. Rg4 Bd2 51. Rg2 Be3 52. Rh2# 1-0

[Event "*** Titled Tuesday Blitz"]
[Site "Chess.com"]
[Date "2020.05.12"]
[Round "6"]
[White "AnishGiri"]
[Black "LazovT"]
[Result "1-0"]
[WhiteElo "3026"]
[BlackElo "2685"]
[TimeControl "180+1"]
[EndTime "11:05:45 PDT"]
[Termination "AnishGiri won by resignation"]

1. e4 c5 2. Nf3 d6 3. d4 cxd4 4. Nxd4 Nf6 5. Nc3 a6 6. Bg5 Nbd7 7. Qe2 Qc7 8. g4 b5 9. a3 Bb7 10. h4 h6 11. Bd2 Ne5 12. Rg1 g6 13. g5 hxg5 14. hxg5 Nh5 15. O-O-O Nc4 16. Ndxb5 axb5 17. Nxb5 Qb6 18. Qxc4 Rc8 19. Qd4 Qxd4 20. Nxd4 Bxe4 21. Bb5+ Kd8 22. Ba5+ Rc7 23. Rge1 Bb7 24. Re3 Kc8 25. Bxc7 Kxc7 26. Rc3+ Kb6 27. Rb3 Ka7 28. Nc6+ Bxc6 29.
Bxc6 Nf4 30. Rb7+ Ka6 31. Kb1 Bg7 32. Rxe7 Kb6 33. Rxf7 Be5 34. Be4 Rh2 35. Rf1 d5 36. Bd3 Kc5 37. Rf8 Kd4 38. Rd1 Rxf2 39. Bxg6+ Kc5 40.
Bd3 Rg2 41. g6 Nxg6 42. Rc8+ Kd6 43. Be4 Rg4 44. Rxd5+ Ke6 45. Rc6+ 1-0

[Event "*** Titled Tuesday Blitz"]
[Site "Chess.com"]
[Date "2020.05.12"]
[Round "6"]
[White "Norival"]
[Black "Parhamov"]
[Result "0-1"]
[WhiteElo "2678"]
[BlackElo "3005"]
[TimeControl "180+1"]
[EndTime "11:05:45 PDT"]
[Termination "Parhamov won by resignation"]

1. d4 Nf6 2. Nf3 e6 3. Bg5 d5 4. e3 h6 5. Bh4 Nbd7 6. Nbd2 g5 7.
Bg3 Nh5 8. c4 c6 9. Bd3 Bg7 10.
O-O Nxg3 11. hxg3 O-O 12. b4 a5 13. a3 axb4 14. axb4 Rxa1 15. Qxa1 c5 16. cxd5 cxd4 17.
Nxd4 Ne5 18. Be4 exd5 19. Bc2 Nc6 20. b5 Nxd4 21. exd4 Qb6 22. Nb3 Qxb5 23. Rb1 Qe2 24. Qb2 Re8 25. Qc3 Qc4 26. Qd3 Qxd3 27. Bxd3 b6 28.
Ra1 Be6 29. Ra6 Rb8 30. Kf1 g4 31. Ke2 h5 32. Kd2 Kf8 33. Kc3 Ke7 34. Ra7+ Kf6 35.
Bb5 Kg5 36. Bd7 Bf6 37. Kd3 Kf5 38. Bxe6+ fxe6 39. Nd2 Rh8 40. Rb7 Ra8 41. Rxb6 Ra4 42. Nb3 Ra2 43. Nc5 Rxf2 44. Rb1 Rxg2 45. Rf1+ Kg6 46.
Nxe6 Rxg3+ 47. Ke2 Bg5 0-1

[Event "*** Titled Tuesday Blitz"]
[Site "Chess.com"]
[Date "2020.05.12"]
[Round "6"]
[White "dbrankovic68"]
[Black "KingChess345"]
[Result "1-0"]
[WhiteElo "2405"]
[BlackElo "2224"]
[TimeControl "180+1"]
[EndTime "11:05:47 PDT"]
[Termination "dbrankovic68 won on time"]

1. e4 c5 2. Nf3 Nc6 3. Bb5 g6 4. Bxc6 dxc6 5. h3 Bg7 6. O-O e5 7. d3 Qe7 8. a4 Nf6 9. a5 O-O 10. Nc3 Nh5 11. Be3 Nf4 12. Na4 Ne6 13. Re1 Rb8 14. Qd2 Nd4 15. Qd1 b5 16. axb6 axb6 17. c3 Nxf3+ 18. Qxf3 Be6 19. b4 cxb4 20. Bxb6 Rxb6 21.
Nxb6 bxc3 22. Rec1 f5 23. Nc4 Qc5 24. Qe3 Qb4 25.
Rab1 Qa4 26. Rxc3 1-0

[Event "*** Titled Tuesday Blitz"]
[Site "Chess.com"]
[Date "2020.05.12"]
[Round "6"]
[White "czasnaszachy"]
[Black "ClassyEl"]
[Result "0-1"]
[WhiteElo "2351"]
[BlackElo "2523"]
[TimeControl "180+1"]
[EndTime "11:05:48 PDT"]
[Termination "ClassyEl won by resignation"]

1. d4 Nf6 2. c4 c5 3. d5 e6 4.
Nc3 exd5 5. cxd5 Bd6 6. e4 Be5 7. Bd3 d6 8. Nf3 Bg4 9. O-O Nbd7 10. h3 Bxf3 11. Qxf3 O-O 12. Qe2 Re8 13. Bg5 h6 14. Bh4 a6 15. a4 Qa5 16. Qc2 Rac8 17.
f3 c4 18. Be2 Qc5+ 19. Bf2 Bd4 20. a5 Bxf2+ 21. Rxf2 Ne5 22. f4 Ng6 23. Kf1 Re7 24.
g3 Rce8 25. Bf3 h5 26. Re2 h4 27. Kg2 hxg3 28. Kxg3 Qd4 29. Rae1 Qc5 30. e5 dxe5 31.
fxe5 Nxe5 32. Bg2 Qd6 33. Kf2 Nd3+ 34. Kg1 Nxe1 35. Rxe7 Nxc2 0-1

[Event "*** Titled Tuesday Blitz"]
[Site "Chess.com"]
[Date "2020.05.12"]
[Round "6"]
[White "Jospem"]
[Black "vaishali2001"]
[Result "1-0"]
[WhiteElo "2860"]
[BlackElo "2658"]
[TimeControl "180+1"]
[EndTime "11:05:49 PDT"]
[Termination "Jospem won on time"]

1. c4 e5 2. Nc3 Nf6 3. Nf3 Nc6 4. a3 d5 5. cxd5 Nxd5 6. Qc2 Be7 7. e3 O-O 8. Bd3 Nxc3 9. dxc3 f5 10. e4 f4 11. b4 Bg4 12. Be2 Bxf3 13. Bxf3 a5 14. Rb1 Qd6 15. O-O Kh8 16. Rd1 Qe6 17. h3 axb4 18.
axb4 Nd8 19. Bb2 b5 20. Ra1 Nb7 21. Bg4 Qb6 22. Rxa8 Rxa8 23. c4 Bxb4 24. Bxe5 Bd6 25. Bxg7+ Kxg7 26. Qc3+ Kf7 27. Bh5+ Ke6 28. Qg7 Rf8 29.
Bg4+ 1-0

[Event "*** Titled Tuesday Blitz"]
[Site "Chess.com"]
[Date "2020.05.12"]
[Round "6"]
[White "bugsbunny444"]
[Black "grzechu96"]
[Result "0-1"]
[WhiteElo "2451"]
[BlackElo "2602"]
[TimeControl "180+1"]
[EndTime "11:05:49 PDT"]
[Termination "grzechu96 won on time"]

1. Nf3 Nf6 2. c4 c5 3. g3 d5 4.
cxd5 Nxd5 5. Bg2 Nc6 6. Nc3 g6 7. h4 h6 8. d3 Bg7 9. Nxd5 Qxd5 10. O-O O-O 11. Be3 Bd7 12. Qc1 b6 13. Bxh6 Rac8 14.
Bxg7 Kxg7 15. Qg5 Qxg5 16. Nxg5 Nd4 17. e3 Nc2 18. Rac1 Nb4 19. Rfd1 Nxa2 20. Ra1 Ba4 21. Rf1 Bb3 22. Nf3 a5 23. Nd2 Be6 24. Nc4 Bxc4 25. dxc4 Nb4 26. Rfd1 Rcd8 27. Kf1 e6 28. Ke2 Kf6 29. Bf3 Rh8 30. Rxd8 Rxd8 31. Rd1 Rxd1 32. Kxd1 Nd3 0-1

[Event "*** Titled Tuesday Blitz"]
[Site "Chess.com"]
[Date "2020.05.12"]
[Round "6"]
[White "Natalya_Buksa"]
[Black "checkmatequen"]
[Result "0-1"]
[WhiteElo "2517"]
[BlackElo "2278"]
[TimeControl "180+1"]
[EndTime "11:05:50 PDT"]
[Termination "checkmatequen won by checkmate"]

1. d4 Nf6 2. Nc3 c5 3. d5 d6 4. e4 g6 5. Nf3 Bg7 6. Bb5+ Nbd7 7.
O-O a6 8. Be2 b5 9. Bf4 b4 10. Na4 Nxe4 11. Re1 Nef6 12. Qc1 O-O 13. c4 bxc3 14. Nxc3 Rb8 15. Bh6 Bb7 16. Qd2 Nb6 17. Bxg7 Kxg7 18. h4 Nbxd5 19. h5 Nxc3 20. h6+ Kg8 21. bxc3 e5 22. Rad1 Ne4 23. Qe3 Qa5 24.
Bd3 Nxc3 25. Qd2 Qa3 26. Bc4 Nxd1 27. Qg5 Qb2 28. Rxd1 e4 29. Nd4 e3 30. f3 Bxf3 31. Qf6 Qxg2# 0-1

[Event "*** Titled Tuesday Blitz"]
[Site "Chess.com"]
[Date "2020.05.12"]
[Round "6"]
[White "CroissantNeuf"]
[Black "FMalexhdez"]
[Result "0-1"]
[WhiteElo "2344"]
[BlackElo "2055"]
[TimeControl "180+1"]
[EndTime "11:05:50 PDT"]
[Termination "FMalexhdez won by resignation"]

1. Nf3 d5 2. g3 Nf6 3. Bg2 c6 4. O-O g6 5. b3 Bg7 6. Bb2 O-O 7. c4 a5 8. Nc3 Na6 9. d4 Ne4 10. Nxe4 dxe4 11. Ng5 f5 12. f3 e5 13. h4 h6 14. Nh3 exd4 15. fxe4 fxe4 16. Rxf8+ Qxf8 17. Bxd4 Bxh3 18. Bxg7 Kxg7 19. Qd4+ Qf6 20. Qxf6+ Kxf6 21. Bxh3 Rd8 22. Kf2 Nb4 23. a3 Nc2 24. Ra2 e3+ 25. Kf3 Rd2 26. Ke4 Rxe2 27. Bg4 Rd2 28. Bd1 e2 29.
Bxe2 Rxe2+ 30. Kd3 Nb4+ 31. Kxe2 Nxa2 32. Kd2 Kf5 0-1

[Event "*** Titled Tuesday Blitz"]
[Site "Chess.com"]
[Date "2020.05.12"]
[Round "6"]
[White "Kensei26"]
[Black "witcher8"]
[Result "1-0"]
[WhiteElo "2230"]
[BlackElo "2366"]
[TimeControl "180+1"]
[EndTime "11:05:51 PDT"]
[Termination "Kensei26 won on time"]

1. e4 c6 2. d4 d5 3. e5 Bf5 4. Nf3 e6 5. Be2 Nd7 6. O-O h6 7. Nbd2 Ne7 8. Nb3 g5 9. a4 a5 10. Bd2 Bg7 11. Qe1 Bxc2 12. Nxa5 Qc7 13. Rc1 Bg6 14.
Ra1 b6 15. Nb3 Bc2 16. Bd1 Bg6 17. a5 b5 18. Bb4 Nf5 19. Qc3 Bf8 20. Bc2 Nb8 21.
Bxf8 Kxf8 22. Bxf5 Bxf5 23. Nc5 Na6 24. b4 Nxc5 25. Qxc5+ Kg7 26. Nd2 Bd3 27. Rfc1 Rhc8 28. Qc3 Bg6 29. Nb3 Qe7 30. Nc5 f6 31. exf6+ Qxf6 32. Re1 Re8 33. Re5 Bf5 34. a6 Kg6 35.
Nd7 Qd8 36. Nc5 Ra7 37. Rae1 Rae7 38. Nb3 Qb6 39. Nc5 Qd8 40. f3 Qd6 41. g4 Bxg4 42.
fxg4 h5 43. Qd3+ 1-0

[Event "*** Titled Tuesday Blitz"]
[Site "Chess.com"]
[Date "2020.05.12"]
[Round "6"]
[White "tonyq11"]
[Black "canary2016"]
[Result "0-1"]
[WhiteElo "2208"]
[BlackElo "1945"]
[TimeControl "180+1"]
[EndTime "11:05:52 PDT"]
[Termination "canary2016 won by resignation"]

1. d4 d5 2. c4 c6 3. cxd5 cxd5 4. Nc3 Nc6 5. Nf3 Nf6 6. Ne5 Qc7 7. Nxc6 bxc6 8. g3 Bf5 9. Bg2 e6 10. Bf4 Bd6 11.
Bxd6 Qxd6 12. O-O O-O 13. Rc1 Rac8 14. Na4 Ne4 15. f3 Nf6 16. Nc5 Rfd8 17. e4 dxe4 18. fxe4 Bg4 19. e5 Bxd1 20. exd6 Be2 21. Rfe1 Bg4 22.
Nb7 Rd7 23. Bxc6 Rxb7 24. Bxb7 Rd8 25. Rc6 h6 26. Ra6 Bf5 27. Rc1 Bd3 28. Rxa7 Rxd6 29. Bg2 Rxd4 30. a4 Bf5 31. a5 Nd5 32. Bxd5 Rxd5 33. Rf1 Rb5 34. a6 Rxb2 35. Rxf5 exf5 36. Kf1 Ra2 37. Ke1 Kh7 38. Kf1 Kg6 39. Ra8 Kf6 40. Ke1 Rxh2 41. Kd1 Ra2 42. a7 Kg6 43. Ke1 f6 44. Kf1 Kg5 45. Kg1 g6 46. Rb8 Rxa7 47.
Kh2 Ra2+ 48. Kh3 Kh5 49. Rb3 g5 50. g4+ fxg4+ 51. Kg3 f5 52. Rb2 f4+ 53. Kg2 Rxb2+ 0-1

[Event "*** Titled Tuesday Blitz"]
[Site "Chess.com"]
[Date "2020.05.12"]
[Round "6"]
[White "KerryStead"]
[Black "m-garcett"]
[Result "1-0"]
[WhiteElo "2111"]
[BlackElo "1976"]
[TimeControl "180+1"]
[EndTime "11:05:52 PDT"]
[Termination "KerryStead won by resignation"]

1. d4 Nf6 2. f3 g6 3. e4 d6 4.
Be3 Bg7 5. Qd2 O-O 6. a4 Nc6 7. Ne2 a6 8. g4 Rb8 9. Ng3 b5 10.
axb5 axb5 11. h4 h5 12. gxh5 Nxh5 13. Nxh5 gxh5 14. Rg1 Kh7 15. c3 Rg8 16. Bd3 e5 17. Bg5 Bf6 18. d5 Bxg5 19. hxg5 Ne7 20. Na3 b4 21. cxb4 Ng6 22. Nc4 Nf4 23. g6+ Rxg6 24. Rxg6 Qh4+ 25. Kd1 fxg6 26. Kc2 Qg3 27. Be2 Nxe2 28.
Qxe2 Rxb4 29. Nd2 Bh3 30. Ra7 Qg2 31. Rxc7+ Kh6 32. Qe3+ Qg5 33. Qa7 Rxb2+ 34. Kxb2 Qxd2+ 35. Kb3 Qd3+ 36. Rc3 Qb1+ 37. Ka4 Qa2+ 38. Ra3 Qc4+ 39. Ka5 Bf1 40. Qb6 Qc3+ 41. Rxc3 1-0

[Event "*** Titled Tuesday Blitz"]
[Site "Chess.com"]
[Date "2020.05.12"]
[Round "6"]
[White "LiemLe"]
[Black "MikaelyanArman"]
[Result "1-0"]
[WhiteElo "2953"]
[BlackElo "2680"]
[TimeControl "180+1"]
[EndTime "11:05:53 PDT"]
[Termination "LiemLe won by checkmate"]

1. c4 Nf6 2. Nc3 g6 3. e4 d6 4. d4 Bg7 5. Nf3 O-O 6. h3 e5 7. d5 a5 8. g4 Na6 9. Be3 Nd7 10.
Rg1 Ndc5 11. a3 a4 12. Nd2 Bd7 13. Qc2 Bf6 14. g5 Bg7 15. h4 f5 16. O-O-O c6 17. Kb1 cxd5 18. cxd5 Rc8 19. Rc1 b5 20. Bxb5 Nxe4 21.
Ndxe4 Bxb5 22. Nxd6 Rxc3 23. Qxc3 Qxd6 24. Rgd1 e4 25. Bd4 Bxd4 26. Rxd4 Bd3+ 27. Ka1 Rd8 28. Qa5 Rd7 29. Qxa4 Kg7 30. Rc6 Qh2 31. Rxd3 exd3 32. Qd4+ Kg8 33. Rc8+ Kf7 34. Qf6# 1-0